Map: Eternal Empire LE

Players

HuShang

  • Race: Protoss Protoss
  • League: Master
  • Spawn Location: 1:00

A.I. 2 (Very Easy) - Winner!

  • Race: Terran Terran
  • Spawn Location: 7:00

VOD

Have the link to the VOD?

Description

Time

  • Played on: Sept. 9, 2020, 4:29 a.m.
  • Length: 4:00
Show
View Real Time Build Order
Export as new Build Order

HuShang Protoss 

Build Orders: 1 Gate Expand 

Get SALT Encoding   

  6  0:01  Probe  
  13  0:13  Probe  
  14  0:18  Pylon  
  14  0:25  Probe (Chrono Boost)  
  15  0:37  Probe (Chrono Boost)  
  15  0:41  Gateway  
  16  0:45  Probe (Chrono Boost)  
  16  0:47  Assimilator  
  17  0:51  Probe  
  18  1:03  Probe  
  19  1:15  Probe  
  20  1:24  Nexus  
  20  1:35  Cybernetics Core  
  20  1:37  Probe  
  21  1:42  Assimilator  
  21  1:49  Probe  
  21  1:52  Pylon  
  22  2:01  Probe  
  23  2:09  Stalker (Chrono Boost)  
  23  2:14  Probe  
  23  2:15  Warp Gate  
  26  2:26  Probe  
  26  2:29  Robotics Facility  
  27  2:35  Stalker  
  29  2:38  Probe x2  
  31  2:50  Probe x2  
  33  2:57  Gateway  
  33  3:02  Gateway  
  33  3:03  Probe  
  33  3:05  Probe  
  35  3:18  Observer (Chrono Boost)  
  36  3:20  Probe  
  36  3:21  Probe  
  36  3:25  Stalker  
  36  3:26  Pylon  
  40  3:32  Observer (Chrono Boost)  
  40  3:33  Probe x2  
  43  3:40  Pylon  
  43  3:45  Probe x2  
  43  3:48  Twilight Council  
  45  3:54  Forge  
Show
View Real Time Build Order
Export as new Build Order

A.I. 2 (Very Easy) Terran - Winner!

Build Orders: Reaper Expand 

Get SALT Encoding   

  6  0:00  SCV  
  13  0:13  SCV  
  14  0:18  Supply Depot  
  14  0:42  Barracks  
  14  1:05  Command Center  
  14  1:30  Marine  
  14  1:32  Orbital Command, Supply Depot  
  15  1:38  Refinery  
  15  1:49  Refinery  
  15  1:57  SCV  
  16  2:10  SCV  
  17  2:18  Reaper  
  17  2:22  SCV  
  19  2:23  SCV  
  20  2:34  SCV  
  21  2:37  SCV  
  22  2:46  SCV  
  22  2:49  Refinery  
  23  2:52  SCV  
  24  2:59  SCV  
  24  3:02  Marine  
  26  3:06  SCV  
  27  3:13  SCV  
  28  3:20  SCV  
  28  3:21  Factory  
  29  3:44  SCV  
  29  3:45  Refinery  
  32  3:57  Supply Depot  
Tags
 
Add a new tag
Caveats
  • Supply blocks, unpowered buildings, or Contaminate may cause inaccurate times.
  • Supply counts are checked every 10 seconds.